[Event "FIJ Cannes 2024"]
[Site "Cannes"]
[Date "2024.02.22"]
[Round "5.4"]
[White "Chen, Qi b"]
[Black "Garifullina, Leya"]
[Result "1/2-1/2"]
[ECO "B23"]
[WhiteElo "2467"]
[BlackElo "2422"]
[Annotator "TA"]
[PlyCount "59"]
[EventDate "2024.02.20"]
[EventType "swiss"]
[EventCountry "FRA"]
[SourceTitle "playchess.com"]
[Source "ChessBase"]
[SourceQuality "1"]
[TimeControl "40/5400+30:1800+30"]

1. e4 c5 2. Nc3 d6 3. d4 cxd4 4. Qxd4 Nc6 5. Bb5 Bd7 6. Bxc6 Bxc6 7. Nge2 e6 8. b3 {[%emt 0:00:30] The position is equal.} Nf6 9. Bb2 Qa5 10. O-O-O O-O-O (10... Qc5 $11 {is superior.}) 11. Kb1 $14 Be7 12. f3 h5 13. Qd2 Kb8 14. h4 Qb6 15. Qe1 Rhg8 16. Qg3 Ka8 17. Nf4 Qa5 18. Nce2 g6 19. Nh3 Nh7 20. Qf4 f6 21. Qe3 e5 {[%emt 0:00:30] Prevents Nhf4.} 22. Nc3 f5 23. Nd5 Bxd5 24. Rxd5 Qc7 25. Nf2 Nf6 26. Rd2 f4 27. Qe2 {[%emt 0:00:30] White is slightly better.} g5 28. hxg5 Rxg5 29. Nd3 Rdg8 30. Ne1 {[%emt 0:00:30] Weighted Error Value: White=0.07 (flawless) /Black=0.10 (very precise) .  Mistake:       	---       	Black=1      Inaccurate:     	White=1     	Black=3      OK:         	White=7     	Black=9      Best:        	White=1     	---} 1/2-1/2

[Event "FIJ Cannes 2024"]
[Site "Cannes"]
[Date "2024.02.22"]
[Round "5.5"]
[White "Chapon, Jean-Alexis"]
[Black "Krylov, Philippe"]
[Result "1-0"]
[ECO "D11"]
[WhiteElo "2039"]
[BlackElo "1900"]
[Annotator "ChessBase"]
[PlyCount "67"]
[EventDate "2024.02.20"]
[EventType "swiss"]
[EventCountry "FRA"]
[SourceTitle "playchess.com"]
[Source "ChessBase"]
[SourceQuality "1"]
[TimeControl "40/5400+30:1800+30"]

1. Nf3 d5 2. d4 Nf6 3. c4 c6 4. g3 Bf5 5. Bg2 e6 6. O-O Nbd7 7. Nc3 h6 8. b3 Bd6 9. Bb2 O-O 10. Nd2 Be7 11. e4 dxe4 12. Ncxe4 Nxe4 13. Nxe4 Nf6 14. f3 Qc7 15. Qe2 Rfd8 16. Rfd1 a5 17. Bc3 b5 18. Rac1 Qb6 19. Kh1 Rac8 20. Qe1 b4 21. Bb2 Bxe4 22. fxe4 Ra8 23. e5 Ne8 24. d5 cxd5 25. cxd5 exd5 26. Bxd5 Rac8 27. Rxc8 Rxc8 28. Qe4 Nc7 29. Bxf7+ Kh8 30. Bc4 Rf8 31. Bd3 g6 32. e6+ Bf6 33. Qxg6 Qb7+ 34. Be4 1-0

[Event "FIJ Cannes 2024"]
[Site "Cannes"]
[Date "2024.02.22"]
[Round "5.6"]
[White "Frison, Jacques"]
[Black "Roberts, Tallulah"]
[Result "1/2-1/2"]
[ECO "C78"]
[WhiteElo "1340"]
[BlackElo "1488"]
[Annotator "NA RC"]
[PlyCount "124"]
[EventDate "2024.02.20"]
[EventType "swiss"]
[EventCountry "FRA"]
[SourceTitle "playchess.com"]
[Source "ChessBase"]
[SourceQuality "1"]
[TimeControl "40/5400+30:1800+30"]

1. e4 e5 2. Nf3 Nc6 3. Bb5 a6 4. Ba4 Nf6 5. d3 b5 6. Bb3 Bc5 7. c3 d6 8. O-O O-O 9. Re1 h6 10. Nbd2 Be6 11. Bxe6 fxe6 12. a4 b4 13. a5 bxc3 14. bxc3 Rb8 15. Qa4 Qd7 16. Nc4 Rb5 17. Ra2 Nh5 18. Qd1 Nf4 19. g3 Ng6 20. Kg2 Qf7 21. Be3 Bxe3 22. Rxe3 Rfb8 23. Ree2 Qf6 24. Reb2 Rxb2 25. Rxb2 Rxb2 26. Nxb2 d5 27. Qa4 Nge7 28. Nd1 Qf8 29. Ne3 Qd8 30. Qa2 Kh8 31. Ng4 dxe4 32. Nfxe5 Nxe5 33. Nxe5 Qd5 34. Qxd5 exd5 35. dxe4 dxe4 36. Nd7 Nc6 37. Nc5 Nxa5 38. Nxa6 c6 39. Nc5 Nc4 40. Nxe4 Kg8 41. Kf3 Kf7 42. h4 Ke6 43. Kf4 Ne5 44. h5 Nd3+ 45. Ke3 Ne5 46. Kd4 Nf3+ 47. Kc5 Kd7 48. Nd6 Ne5 49. Nf5 Nd3+ 50. Kb6 Nxf2 51. c4 Ne4 52. g4 Nf6 53. Nxg7 Nxg4 54. Nf5 Nf6 55. Nxh6 Nxh5 56. Nf7 Nf6 57. Ne5+ Kd6 58. Nxc6 Nd7+ 59. Kb7 Kc5 60. Na5 Ne5 61. Kc7 Nxc4 62. Nxc4 Kd4 1/2-1/2

[Event "FIJ Cannes 2024"]
[Site "Cannes"]
[Date "2024.02.22"]
[Round "6.1"]
[White "Sasikiran, Krishnan"]
[Black "Puranik, Abhimanyu"]
[Result "1/2-1/2"]
[ECO "C78"]
[WhiteElo "2586"]
[BlackElo "2645"]
[Annotator "TA"]
[PlyCount "139"]
[EventDate "2024.02.20"]
[EventType "swiss"]
[EventCountry "FRA"]
[SourceTitle "playchess.com"]
[Source "ChessBase"]
[SourceQuality "1"]
[TimeControl "40/5400+30:1800+30"]

1. e4 e5 2. Nf3 Nc6 3. Bb5 a6 4. Ba4 Nf6 5. O-O b5 6. Bb3 Bc5 7. a4 Bb7 8. d3 O-O 9. Nc3 Na5 10. Ba2 {[%emt 0:03:29] C78: Ruy Lopez: Archangelsk and Möller Defences.} b4 11. Ne2 d5 12. Nxe5 {[%emt 0:03:21] 12.exd5 is the modern continuation.} dxe4 13. d4 Bd6 14. Bg5 c5 15. c3 $146 ({Predecessor:} 15. Ng3 h6 16. Bxf6 Qxf6 17. Nd7 Qxd4 18. Nf5 Qxd1 19. Raxd1 Bf4 20. g3 Bg5 21. h4 {1-0 Nikolov,M (2387)-Kuzmanov,S (2218) Grigorov Memorial 3rd 2004 (3.5)}) 15... bxc3 16. bxc3 Qc7 17. Bxf6 gxf6 18. Ng4 Kh8 19. Ng3 Rg8 20. Nh6 Rg7 21. Qh5 Rf8 22. Rae1 Bf4 23. Nxe4 Bxh6 24. Qxh6 cxd4 25. cxd4 f5 26. Ng3 f4 27. Ne4 Qd7 28. d5 Bxd5 29. Bxd5 (29. Qxa6 {gets mated.} Qh3) 29... Qxd5 30. Qxf4 ({And not} 30. Qxa6 f5 31. Qd6 Qa8 32. Qxf4 fxe4 33. Qxe4 Nc4 34. Qxa8 Rxa8 $15) 30... Qd4 31. Qd6 Rd8 (31... Qxd6 $16 32. Nxd6 Rg6) 32. Qxa6 $18 Qxa4 33. Qf6 Qd4 34. Qxd4 (34. Qf3 $18 {Threatens to win with Rd1.} Nc6 35. Ng3) 34... Rxd4 $16 35. Nf6 Rg5 36. Re8+ Kg7 37. Ne4 Rgd5 38. Ng3 Nc4 39. h3 h5 40. Rfe1 h4 41. Ne2 Rd1 42. Nc3 Rxe1+ 43. Rxe1 Rd3 44. Ne2 Nd6 45. Kf1 Nf5 46. Rc1 Rd6 47. Ng1 Rd4 48. Nf3 Ra4 49. Ke1 f6 50. Kd2 Kg6 51. Rc8 Ra2+ 52. Rc2 Ra4 53. Kc3 Ra1 54. Rd2 Ra4 55. Re2 Kf7 56. Kb3 Rf4 57. Kc3 Ra4 58. Kb3 Rf4 59. Ra2 Nd4+ 60. Nxd4 Rxd4 61. Ra4 (61. Kc3 $14 {feels stronger.} Rd1 62. f3) 61... Rd2 62. Rf4 Kg6 63. Kc3 Ra2 64. Kd3 f5 65. Ke3 Ra3+ $1 66. Ke2 Ra2+ 67. Ke1 Ra1+ $1 68. Ke2 Ra2+ 69. Kf1 Ra1+ $1 70. Ke2 1/2-1/2

[Event "FIJ Cannes 2024"]
[Site "Cannes"]
[Date "2024.02.22"]
[Round "6.2"]
[White "Li, Di"]
[Black "Nogerbek, Kazybek"]
[Result "1/2-1/2"]
[ECO "C50"]
[WhiteElo "2563"]
[BlackElo "2463"]
[Annotator "TA"]
[PlyCount "129"]
[EventDate "2024.02.20"]
[EventType "swiss"]
[EventCountry "FRA"]
[SourceTitle "playchess.com"]
[Source "ChessBase"]
[SourceQuality "1"]
[TimeControl "40/5400+30:1800+30"]

1. e4 e5 2. Nf3 Nc6 3. Bc4 Nf6 4. d3 Bc5 5. O-O d6 6. a4 a5 7. c3 h6 8. Be3 Bxe3 9. fxe3 O-O 10. Nbd2 Be6 11. Bxe6 fxe6 12. Qb3 Qd7 13. h3 (13. Qxb7 $2 {loses.} Rfb8 $19) 13... d5 14. Rf2 (14. Qxb7 $2 {too greedy.} Rfb8 $19) 14... b6 15. Raf1 Rad8 16. g4 Nh7 17. Kg2 Qd6 18. Nh4 Rxf2+ 19. Rxf2 Rf8 20. exd5 Qxd5+ 21. Nhf3 Nf6 22. e4 Qxb3 23. Nxb3 Nd7 24. h4 Rf4 25. Kg3 Nf6 26. Nh2 Rxf2 27. Kxf2 $11 {[%emt 0:00:02][%mdl 4096] Endgame. KNN-KNN} Kf7 28. Ke3 Nd7 29. Nf3 Nf6 30. Nh2 Nd7 31. Nd2 g5 32. hxg5 hxg5 33. Nhf3 Kf6 34. b3 Kg6 (34... Nc5 $11) 35. Nc4 $14 Kf6 36. Kd2 Nd8 37. Kc2 c5 {[%emt 0:01:18] [#]} (37... Nc6 $14) 38. Nd6 $1 $18 Nc6 {[%emt 0:03:09] [#]} 39. Kd2 (39. Nc8 $142 $1) 39... Ke7 $16 40. Nc4 Kf6 41. Ke3 Ne7 42. Nd6 Kg6 43. Nd2 Kf6 44. N2c4 Kg6 45. Ne8 Nc8 46. Nc7 Kf6 47. Kd2 Ke7 48. Nb5 {[%emt 0:00:00] Dodges Nd6. White is much more active. The black rooks are passive.} Kf6 49. Kc2 Ke7 50. Kb2 Kd8 51. Ka3 Ke7 52. b4 cxb4+ 53. cxb4 axb4+ 54. Kxb4 Kd8 55. d4 (55. Nbd6 $16 {Nf7+ would now be deadly.} Nxd6 56. Nxd6) 55... exd4 56. Nxd4 Nf6 $1 57. Nxe6+ Kd7 $1 58. Nxg5 Nxg4 59. Kb5 Kc7 {[%emt 0:00:39] The position is equal.} 60. e5 Na7+ 61. Ka6 b5 62. Ne6+ Kb8 63. axb5 Nxb5 64. Kxb5 Nxe5 65. Nxe5 {[%emt 0:00:03] White really could win this.   Weighted Error Value: White=0.07 (flawless) /Black=0.08 (flawless) .  Mistake:       	White=2     	Black=2      Inaccurate:     	White=2     	Black=2      OK:         	White=23    	Black=31     Best:        	White=1     	---        Strong:       	White=1     	Black=2} 1/2-1/2

[Event "FIJ Cannes 2024"]
[Site "Cannes"]
[Date "2024.02.22"]
[Round "6.3"]
[White "Materia, Marco"]
[Black "Bharath Subramaniyam H"]
[Result "0-1"]
[ECO "A50"]
[WhiteElo "2430"]
[BlackElo "2515"]
[Annotator "TA"]
[PlyCount "68"]
[EventDate "2024.02.20"]
[EventType "swiss"]
[EventCountry "FRA"]
[SourceTitle "playchess.com"]
[Source "ChessBase"]
[SourceQuality "1"]
[TimeControl "40/5400+30:1800+30"]

1. d4 Nf6 2. c4 b6 3. Nc3 Bb7 4. Qc2 d5 5. cxd5 Nxd5 6. e4 Nxc3 7. bxc3 e6 8. Nf3 Be7 {[%emt 0:00:07] The position is equal.} 9. Bd3 c5 10. O-O cxd4 $1 11. cxd4 {[%emt 0:00:59] Black should prevent Bb5+.} O-O 12. Bb2 Nc6 13. Qe2 Rc8 14. Rac1 Bf6 15. Qe3 Qd7 16. Bb5 a6 17. Be2 b5 18. Rfd1 Na5 19. Ba3 {[%emt 0:02:02] Threatens to win with Ne5.} Rxc1 20. Rxc1 Rc8 21. Rxc8+ Qxc8 22. Bc5 Nc4 23. Bxc4 bxc4 24. Nd2 Qc6 25. f3 Qb5 26. Qa3 a5 27. Qc1 Ba6 {[%emt 0:03:04][%cal Oc4c3] Black is more active. A strong pair of Bishops.} 28. f4 {[%emt 0:01:20] [#]} (28. Nb1 $1 $15) 28... Qa4 $1 $17 29. a3 $2 {[%emt 0:01:03][%mdl 8192] [#] White does not recover from this.} (29. Qc3 $17) 29... c3 $1 $19 {[%emt 0:00:59][%mdl 512] Black is clearly winning.} 30. Nf3 (30. Nf1 Bxd4+) 30... Qc4 {[%emt 0:02:35] White is weak on the light squares} 31. h3 c2 {[%emt 0:00:25][%cal Oc4f1] Hoping for ...Qf1+!} 32. Kh2 Bb5 {[%emt 0:00:26] And now ...Bc6 would win.} 33. Ne1 Ba4 ({Weaker is} 33... Bxd4 34. Bxd4 Qxd4 35. Qxc2 $17) 34. Qb2 {[%emt 0:02:17] Threatening mate with Qb8+.} Qxc5 {[%emt 0:00:52] Weighted Error Value: White=0.50/Black=0.13 (very precise) .  Loses game:     	White=1     	---        Mistake:       	White=1     	---        Inaccurate:     	White=2     	Black=1      OK:         	White=7     	Black=15     Strong:       	---       	Black=2      Brilliant:      	---       	Black=1} ({Not} 34... c1=R 35. Qb8+) 0-1

[Event "FIJ Cannes 2024"]
[Site "Cannes"]
[Date "2024.02.22"]
[Round "6.4"]
[White "Can, Isik"]
[Black "Tarhan, Adar"]
[Result "1/2-1/2"]
[ECO "C65"]
[WhiteElo "2500"]
[BlackElo "2420"]
[Annotator "TA"]
[PlyCount "73"]
[EventDate "2024.02.20"]
[EventType "swiss"]
[EventCountry "FRA"]
[SourceTitle "playchess.com"]
[Source "ChessBase"]
[SourceQuality "1"]
[TimeControl "40/5400+30:1800+30"]

1. e4 e5 2. Nf3 Nc6 3. Bb5 Nf6 4. d3 d6 5. O-O Be7 6. d4 O-O 7. Bxc6 bxc6 8. Nc3 exd4 9. Nxd4 Bd7 10. Qf3 Re8 11. h3 Rb8 12. b3 d5 13. exd5 cxd5 14. Nxd5 Nxd5 15. Qxd5 Bf6 16. c3 Qc8 (16... Re5 $1 $11 17. Qf3 c5) 17. Bf4 $16 Rb6 18. Qc5 {[%emt 0:00:30] White is more active.} Bxd4 19. cxd4 Rc6 20. Qxa7 (20. Qa5 {simplifies} Ra6 21. Qxc7 Qxc7 22. Bxc7 Re2 23. a4) 20... Bxh3 21. gxh3 (21. Rae1 $16 Rg6 22. Bg3 (22. Bxc7 $2 {is the wrong capture.} Rxg2+ 23. Kh1 Rg5 $19)) 21... Qxh3 $11 {[%emt 0:00:30] [#] ...Rg6+ is the strong threat. The position is equal.} 22. Qb7 Rg6+ 23. Bg3 {[%emt 0:00:30][%cal Oa1e1] Hoping for Rae1!} c6 {[%emt 0:00:30] aiming for ...Rh6.} 24. Qc7 Rh6 25. f3 Rg6 26. Kf2 Rxg3 $1 27. Qxg3 Re2+ $1 28. Kxe2 Qxg3 {[%emt 0:00:30][%mdl 4096] Endgame. KQ-KRR} 29. a4 Qd6 30. a5 Qxd4 31. Rfd1 Qe5+ 32. Kf1 Qf6 {[%emt 0:00:30] Dodges Rd8+} 33. Ke2 Qe5+ 34. Kf1 Qf6 {[%emt 0:00:30] Inhibits Rd8+.} 35. Kg2 Qg5+ 36. Kf2 Qc5+ 37. Ke2 {[%emt 0:00:30] Weighted Error Value: White=0.06 (flawless) /Black=0.06 (flawless) .  Mistake:       	White=1     	Black=1      OK:         	White=6     	Black=11     Best:        	White=2     	Black=2      Strong:       	---       	Black=2} 1/2-1/2

[Event "FIJ Cannes 2024"]
[Site "Cannes"]
[Date "2024.02.22"]
[Round "6.5"]
[White "Clotet Mas, Dan"]
[Black "Chapon, Jean-Alexis"]
[Result "1-0"]
[ECO "B55"]
[WhiteElo "1938"]
[BlackElo "2039"]
[Annotator "NA RC"]
[PlyCount "105"]
[EventDate "2024.02.20"]
[EventType "swiss"]
[EventCountry "FRA"]
[SourceTitle "playchess.com"]
[Source "ChessBase"]
[SourceQuality "1"]
[TimeControl "40/5400+30:1800+30"]

1. e4 c5 2. Nf3 d6 3. d4 cxd4 4. Nxd4 Nf6 5. f3 Qb6 6. c4 Nc6 7. Nc2 g6 8. Nc3 Bg7 9. Qe2 O-O 10. Qf2 Qxf2+ 11. Kxf2 Nd7 12. Ne3 Bd4 13. Nb5 Bb6 14. Ke1 a6 15. Nc3 Nde5 16. Ned5 Ba5 17. Bh6 Re8 18. Rc1 Nd7 19. a3 e6 20. Ne3 Nf6 21. Rd1 Bc7 22. Bf4 Ne5 23. h3 b6 24. Be2 Bb7 25. Bg5 Kg7 26. f4 Ned7 27. Bf3 Rab8 28. b4 h6 29. Bh4 Nh5 30. Bxh5 gxh5 31. e5 Rbc8 32. exd6 Bd8 33. Bxd8 Rexd8 34. Rg1 Nf6 35. g4 Rc6 36. g5 Ne8 37. gxh6+ Kxh6 38. Ne4 Rd7 39. f5 Rc8 40. Ng5 Ng7 41. fxe6 fxe6 42. h4 Ba8 43. Rd4 e5 44. Rd2 Rf8 45. Rf1 Rxf1+ 46. Kxf1 Kg6 47. c5 bxc5 48. bxc5 Nf5 49. Nc4 Rd8 50. Nxe5+ Kf6 51. Ngf7 Rg8 52. d7 Ng3+ 53. Ke1 1-0

[Event "FIJ Cannes 2024"]
[Site "Cannes"]
[Date "2024.02.22"]
[Round "6.6"]
[White "Roberts, Tallulah"]
[Black "Gurevich, Michele"]
[Result "0-1"]
[ECO "C02"]
[WhiteElo "1488"]
[BlackElo "1346"]
[Annotator "NA RC"]
[PlyCount "82"]
[EventDate "2024.02.20"]
[EventType "swiss"]
[EventCountry "FRA"]
[SourceTitle "playchess.com"]
[Source "ChessBase"]
[SourceQuality "1"]
[TimeControl "40/5400+30:1800+30"]

1. e4 e6 2. d4 d5 3. e5 c5 4. c3 Nc6 5. Nf3 Qb6 6. a3 cxd4 7. cxd4 Nge7 8. b4 Nf5 9. Bb2 a5 10. b5 Na7 11. a4 Bb4+ 12. Nc3 Bd7 13. Be2 Nc8 14. O-O Bxc3 15. Bxc3 Nce7 16. Rc1 Ng6 17. Bb2 O-O 18. Bd3 Nf4 19. Bxf5 exf5 20. Qd2 Ng6 21. Ba3 Rfc8 22. Rc5 Be6 23. Rfc1 Qd8 24. h3 b6 25. Rc6 Rxc6 26. Rxc6 h6 27. Bd6 Rc8 28. Qc1 Rxc6 29. Qxc6 Nh4 30. Nxh4 Qxh4 31. Qxb6 f4 32. Qxa5 f3 33. Qc3 fxg2 34. Bc5 Bxh3 35. Qg3 Qh5 36. f3 Qf5 37. Kh2 Qb1 38. Kxh3 g1=Q 39. Qxg1 Qxg1 40. b6 Qf1+ 41. Kg3 Qa6 0-1

[Event "FIJ Cannes 2024"]
[Site "Cannes"]
[Date "2024.02.23"]
[Round "7.1"]
[White "Puranik, Abhimanyu"]
[Black "Vetokhin, Savva"]
[Result "1/2-1/2"]
[ECO "D38"]
[WhiteElo "2645"]
[BlackElo "2410"]
[Annotator "TA"]
[PlyCount "53"]
[EventDate "2024.02.20"]
[EventType "swiss"]
[EventCountry "FRA"]
[SourceTitle "playchess.com"]
[Source "ChessBase"]
[SourceQuality "1"]
[TimeControl "40/5400+30:1800+30"]

1. d4 Nf6 2. c4 e6 3. Nf3 d5 4. Nc3 Bb4 5. cxd5 exd5 6. Bg5 h6 7. Bh4 O-O 8. e3 Bf5 9. Ne5 c5 10. Be2 c4 11. f3 Qa5 12. Qc1 (12. O-O {looks sharper.} Bxc3 13. bxc3 Qxc3 14. e4) 12... Nbd7 13. Nxd7 Nxd7 14. O-O Rfe8 15. Be1 Nb6 16. Bd1 Qa6 17. Bd2 Rac8 18. Re1 Bd3 19. a4 Qa5 20. Bc2 Bxc2 21. Qxc2 Rcd8 22. Qf5 Re6 23. Re2 Nc8 24. Qc2 Ne7 25. Be1 Nc6 26. Rd1 Qb6 27. Bf2 {[%emt 0:00:23] Weighted Error Value: White=0.05 (flawless) /Black=0.04 (flawless) .  Inaccurate:     	White=2     	---        OK:         	White=8     	Black=11     Best:        	---       	Black=1} 1/2-1/2

[Event "FIJ Cannes 2024"]
[Site "Cannes"]
[Date "2024.02.23"]
[Round "7.2"]
[White "Nogerbek, Kazybek"]
[Black "Roux, Baptiste"]
[Result "1-0"]
[ECO "D46"]
[WhiteElo "2463"]
[BlackElo "2331"]
[Annotator "RC"]
[PlyCount "123"]
[EventDate "2024.02.20"]
[EventType "swiss"]
[EventCountry "FRA"]
[SourceTitle "playchess.com"]
[Source "ChessBase"]
[SourceQuality "1"]
[TimeControl "40/5400+30:1800+30"]

1. d4 d5 2. Nf3 Nf6 3. c4 c6 4. e3 e6 5. Bd3 Nbd7 6. O-O dxc4 7. Bxc4 Bd6 8. Nc3 b5 9. Bb3 b4 10. Na4 O-O 11. Qc2 Ba6 12. Rd1 Rc8 13. Bc4 Bxc4 14. Qxc4 Qa5 15. b3 c5 16. Bb2 cxd4 17. Qxd4 Be7 18. Qd3 Rfd8 19. Nd4 Nb6 20. Nxb6 Qxb6 21. Qe2 Ne4 22. Rd3 Bf6 23. Rad1 Qa6 24. f3 Nc3 25. Bxc3 Rxc3 26. R3d2 Qb6 27. Qb5 Rxe3 28. Qxb6 axb6 29. Nc2 Rxd2 30. Rxd2 Rc3 31. Nxb4 g6 32. Rc2 Re3 33. Kf2 Re5 34. Nc6 Rh5 35. h3 Kf8 36. a4 Rd5 37. Ke2 Ke8 38. b4 Kd7 39. a5 bxa5 40. bxa5 Rd6 41. Nb8+ Kd8 42. a6 Bd4 43. Nc6+ Kd7 44. Nxd4 Rxa6 45. f4 Ra4 46. Rd2 Ke7 47. Nc6+ Kf6 48. Rd7 Rxf4 49. Nd8 Ke5 50. Rxf7 Re4+ 51. Kf3 Rh4 52. Ra7 Rf4+ 53. Kg3 Rf8 54. Nf7+ Kf6 55. Nh6 g5 56. Ng4+ Kg6 57. Ne5+ Kf5 58. Ra5 Rg8 59. Nf3+ Kf6 60. Kg4 h5+ 61. Kxh5 g4 62. Rg5 1-0

[Event "FIJ Cannes 2024"]
[Site "Cannes"]
[Date "2024.02.23"]
[Round "7.3"]
[White "Bharath Subramaniyam H"]
[Black "Can, Isik"]
[Result "1-0"]
[ECO "B44"]
[WhiteElo "2515"]
[BlackElo "2500"]
[Annotator "RC"]
[PlyCount "149"]
[EventDate "2024.02.20"]
[EventType "swiss"]
[EventCountry "FRA"]
[SourceTitle "playchess.com"]
[Source "ChessBase"]
[SourceQuality "1"]
[TimeControl "40/5400+30:1800+30"]

1. e4 c5 2. Nf3 e6 3. d4 cxd4 4. Nxd4 Nc6 5. Nb5 d6 6. c4 a6 7. N5c3 Nf6 8. Be2 Be7 9. O-O O-O 10. Bf4 b6 11. Re1 Bb7 12. Nd2 Rc8 13. Rc1 Ne5 14. Bf1 Qc7 15. h3 Qb8 16. Qe2 Bd8 17. b4 Bc7 18. Bxe5 dxe5 19. Qe3 Nd7 20. Nb3 Rfd8 21. a3 h6 22. Red1 Nf6 23. c5 Rxd1 24. Rxd1 b5 25. Bd3 Bc6 26. Qe2 Rd8 27. Bc2 Rxd1+ 28. Qxd1 g6 29. Nc1 Kg7 30. N1a2 h5 31. h4 Qb7 32. Qe2 Nd7 33. Bd3 Nb8 34. Qd1 Be8 35. a4 bxa4 36. Bc2 a5 37. Bxa4 axb4 38. Bxe8 bxc3 39. Nxc3 Qb4 40. Qf3 f6 41. Qg3 g5 42. hxg5 Qxc5 43. gxf6+ Kxf6 44. Bxh5 Nd7 45. Qg6+ Ke7 46. Qf7+ Kd6 47. Bg4 Qxc3 48. Qxe6+ Kc5 49. Qxd7 Qc1+ 50. Bd1 Kb4 51. g3 Bb6 52. Qa4+ Kc5 53. Kg2 Qc4 54. Qa3+ Qb4 55. Qf3 Qd4 56. Bb3 Kb4 57. Bd5 Qc3 58. Qf6 Bd4 59. g4 Qc8 60. Qf3 Qc1 61. Qf8+ Ka5 62. Qf5 Qd2 63. g5 Kb4 64. g6 Qh6 65. Qg4 Qg7 66. Bf7 Kc3 67. Qh4 Kd3 68. f3 Bc5 69. Kg3 Bf8 70. Kg4 Ke2 71. Qh2+ Kd3 72. Kf5 Ke3 73. Qh7 Kxf3 74. Qxg7 Bxg7 75. Bd5 1-0

[Event "FIJ Cannes 2024"]
[Site "Cannes"]
[Date "2024.02.23"]
[Round "7.4"]
[White "Tarhan, Adar"]
[Black "Sasikiran, Krishnan"]
[Result "1-0"]
[ECO "D00"]
[WhiteElo "2420"]
[BlackElo "2586"]
[Annotator "TA"]
[PlyCount "73"]
[EventDate "2024.02.20"]
[EventType "swiss"]
[EventCountry "FRA"]
[SourceTitle "playchess.com"]
[Source "ChessBase"]
[SourceQuality "1"]
[TimeControl "40/5400+30:1800+30"]

1. c3 Nf6 2. d4 g6 3. Bg5 Bg7 4. Nd2 d5 5. e3 Nbd7 6. Ngf3 {[%emt 0:00:30] D00: 1 d4 d5: Unusual lines.} h6 7. Bh4 g5 8. Bg3 Nh5 9. Bd3 Nxg3 10. hxg3 e6 11. Qe2 c5 $146 ({Predecessor:} 11... c6 12. e4 Qb6 13. O-O-O a6 14. Kb1 Qc7 15. c4 g4 16. Nh2 dxc4 17. Nxc4 {1-0 Orso,M (2355)-Lanc,A (2410) Decin-11 1982 (4)}) 12. O-O-O Qc7 13. Kb1 c4 14. Bc2 b5 15. e4 Bb7 16. exd5 Bxd5 17. Be4 O-O-O 18. Bxd5 exd5 19. Nf1 Nb6 20. Ne3 f6 21. Rde1 Rhe8 22. Qc2 Kb8 (22... Qf7 $142) 23. Qg6 $16 Bf8 24. Nf5 (24. Qxf6 $142 b4 25. cxb4 (25. Ne5 Bd6 $16)) 24... Rxe1+ $16 25. Rxe1 ({White should play} 25. Nxe1 b4 26. cxb4 (26. Nxh6 bxc3 27. Qxf6 cxb2 $19)) 25... b4 $16 26. Qxf6 (26. Nxh6 bxc3 27. bxc3 (27. Qxf6 $2 cxb2 28. Ne5 Rc8 $19) 27... Na4 $17) 26... bxc3 27. bxc3 (27. Nxh6 $2 cxb2 28. Kxb2 Rc8 $19) 27... Na4 28. Kc2 (28. Nxh6 Qb7+ (28... Nxc3+ 29. Kc2 $17) (28... Nxc3+ 29. Kc2 $19)) (28. Qa6 $1 $16 Qd7 (28... Nxc3+ $2 29. Kc2 $18) 29. Re6 Nxc3+ 30. Kb2 Na4+ 31. Kc1) 28... Nxc3 $2 {[%emt 0:00:30][%mdl 8192] [#]} (28... Qa5 $1 $11 {and Black has nothing to worry.} 29. Rb1+ (29. Nxh6 $2 Qxc3+ 30. Kd1 Nb2+ 31. Ke2 Qd3#) 29... Kc7 30. Qe5+ (30. Nxh6 Qxc3+ 31. Kd1 Qd3+ 32. Nd2 Nc3+ 33. Kc1 Ba3+ 34. Rb2 Bxb2+ 35. Kxb2 Rb8+) (30. Qf7+ Rd7 $11) 30... Bd6) 29. Ne5 $2 (29. Kxc3 Qa5+ 30. Kb2 Rc8 $15) (29. Nxh6 Nxa2 30. Nf5 Nb4+ 31. Kd1 g4 $19) (29. Qa6 $1 $18 Ne4 30. Ne5 (30. Nxh6 Rd6 $15)) 29... Rc8 $2 {[%emt 0:00:30][%mdl 8192] [#]} (29... Kb7 $1 $14) 30. Qa6 $1 $18 (30. Kxc3 $2 Qa5+ 31. Kc2 Qxe1 $19) (30. Nxh6 $2 Nb5 31. Qa6 (31. Qxg5 $2 Nxd4+ 32. Kc3 Qa5+ 33. Kxd4 Bc5+ 34. Kxd5 Be7+ 35. Ke4 Bxg5 $19) 31... Nxd4+ 32. Kc3 Bb4+ 33. Kxb4 Nc2+ 34. Kc3 Nxe1 $19) 30... Ne4 31. Rb1+ (31. Nxh6 Bxh6 32. Qe6 (32. Qxh6 $2 Qa5 $19) 32... Nc3 33. Qxh6 (33. Nd7+ Ka8 $11) 33... Qa5 34. Qd6+ (34. Qxg5 $2 Nxa2 35. Qf6 Ka8 $19) (34. Nc6+ Rxc6 35. Qxc6 Qxa2+ 36. Kxc3 Qb3+ 37. Kd2 Qb2+ 38. Kd1 Qb1+ 39. Kd2 Qb2+ 40. Kd1 Qb3+ 41. Kc1 Qc3+ 42. Kd1 Qb3+ 43. Kc1 Qc3+ 44. Kd1 Qxd4+ 45. Kc2 Qd3+ 46. Kc1 Qc3+ 47. Kd1 Qd4+ 48. Kc2 Qd3+ 49. Kc1 Qc3+ 50. Kd1 Qb3+ 51. Kd2 Qb2+ 52. Kd1 Qb3+ 53. Kd2 Qb2+ 54. Kd1 Qd4+ $11) 34... Ka8 $11) 31... Ka8 32. Qe6 ({Worse is} 32. Nxh6 Bxh6 33. Qe6 (33. Qxh6 $2 {perishes.} Qa5 $19) 33... Nd6 34. Qxd5+ (34. Qxh6 $2 Nf5 $19) 34... Nb7 $11) 32... Rd8 33. Nc6 ({Inferior is} 33. Nxh6 Rd6 34. Qe8+ Rd8 $11) 33... Rc8 34. Nfe7 Bxe7 35. Nxe7 Rd8 36. Nxd5 Qd7 37. Nc7+ 1-0

[Event "FIJ Cannes 2024"]
[Site "Cannes"]
[Date "2024.02.23"]
[Round "7.5"]
[White "Racle, Valentin"]
[Black "Clotet Mas, Dan"]
[Result "1-0"]
[ECO "D31"]
[WhiteElo "2086"]
[BlackElo "1938"]
[Annotator "NA RC"]
[PlyCount "55"]
[EventDate "2024.02.20"]
[EventType "swiss"]
[EventCountry "FRA"]
[SourceTitle "playchess.com"]
[Source "ChessBase"]
[SourceQuality "1"]
[TimeControl "40/5400+30:1800+30"]

1. d4 d5 2. c4 e6 3. Nc3 a6 4. cxd5 exd5 5. Bf4 Nf6 6. e3 Bd6 7. Bg5 c6 8. Bd3 Nbd7 9. Nge2 h6 10. Bh4 Qb6 11. Qc2 O-O 12. O-O Re8 13. Rad1 $11 Bf8 14. Qd2 g5 15. Bg3 Bg7 16. f3 Nf8 17. Kh1 Qd8 18. Bb1 Ng6 19. e4 dxe4 20. fxe4 Bg4 21. e5 Nh5 22. Qd3 b5 23. Rxf7 Kxf7 24. Qxg6+ Kg8 25. Rf1 Nf4 26. Nxf4 Rf8 27. Qh7+ Kf7 28. Bg6+ 1-0